 Dungeon Crawl Stone Soup version 0.21-a0-380-gd65dc97 (webtiles) character file.

10 grizmgrazm2 the Vexing (level 2, 0/19 HPs)
             Began as a Vampire Enchanter on Oct 17, 2017.
             Slain by a kobold
             ... wielding a cursed +0 short sword
              (6 damage)
             ... on level 1 of the Dungeon.
             The game lasted 00:00:40 (498 turns).

grizmgrazm2 the Vexing (Vampire Enchanter)           Turns: 498, Time: 00:00:41

Health: 0/19       AC:  2    Str:  7    XL:     2   Next: 10%
Magic:  5/5        EV: 12    Int: 17    God:
Gold:   17         SH:  0    Dex: 14    Spells: 4/5 levels left

rFire    . . .     SeeInvis +   a - +1 dagger
rCold    . . .     Gourm    .   (no shield)
rNeg     + . .     Faith    .   b - +0 robe
rPois    .         Spirit   .   (no helmet)
rElec    .         Reflect  .   (no cloak)
rCorr    .         Harm     .   (no gloves)
MR       .....                  (no boots)
Stlth    +++.......             (no amulet)
HPRegen  0.06/turn              (no ring)
MPRegen  0.09/turn              (no ring)

@: no status effects
A: fangs 3, see invisible, unbreathing
a: no special abilities


You were on level 1 of the Dungeon.
You were not thirsty.

You visited 1 branch of the dungeon, and saw 1 of its levels.

You collected 17 gold pieces.

Inventory:

Hand Weapons
 a - a +1 dagger (weapon)
Armour
 b - a +0 robe (worn)
Scrolls
 e - 3 scrolls of enchant armour {unknown}
Potions
 d - a potion of blood
Books
 c - a book of Maledictions

   Spells                             Type                      Level
   a - Corona                         Hexes                        1
   b - Ensorcelled Hibernation        Hexes/Ice                    2
   c - Confuse                        Hexes                        3
   d - Tukima's Dance                 Hexes                        3
   e - Dazzling Spray                 Conjuration/Hexes            3


   Skills:
 + Level 1.1 Short Blades
 + Level 2.2 Dodging
 + Level 4.7 Stealth
 + Level 2.0 Spellcasting
 + Level 4.9 Hexes


You had 4 spell levels left.
You knew the following spells:

 Your Spells              Type           Power        Failure   Level  Hunger
a - Corona                Hex            ###....      2%          1    #......


Dungeon Overview and Level Annotations

Branches:
Dungeon (1/15)

Altars:


Innate Abilities, Weirdness & Mutations

You have razor-sharp teeth.
You have supernaturally acute eyesight. (SInv)
You can survive without breathing.


Message History

The giant cockroach is almost dead.
The giant cockroach closely misses you.
You hit the giant cockroach but do no damage.
Your bite misses the giant cockroach.
The giant cockroach is almost dead.
The giant cockroach bites you.
You hit the giant cockroach but do no damage.
The giant cockroach is almost dead.
The giant cockroach bites you.
You barely miss the giant cockroach.
The giant cockroach is almost dead.
The giant cockroach closely misses you.
You hit the giant cockroach.
You kill the giant cockroach!
You barely miss the kobold. You closely miss the kobold.
The kobold hits you with a short sword.
You hit the kobold.
The kobold is severely wounded.
The kobold hits you with a short sword.
You die...

...s...g.####### ..?#.g.##
#..#J# #.#..## ## #.#...J# ##.
######.# .#.# ##.# #.# #..#
#####...###.##
#######.###.#######.......##.##.
#.........)..JK@..#.......##.#.#
#........########++.......##.#.#
#........# #.............#8.#.#
#........# #.............##.#..
#........####..............#.#8#
#..........##.........#.#..#.###
########...##.........#.#..##...
#...##.........#.#...##8#
#..............#)#....###


You could see an ooze and a kobold.

Vanquished Creatures
  A leopard gecko (D:1)
  A giant cockroach (D:1)
  2 goblins (D:1)
  2 hobgoblins (D:1)
  2 rats (D:1)
8 creatures vanquished.

Notes
Turn   | Place    | Note
-------+----------+-------------------------------------------
     0 | D:1      | grizmgrazm2 the Vampire Enchanter began the quest for the Orb.
     0 | D:1      | Reached XP level 1. HP: 13/13 MP: 3/3
   470 | D:1      | Reached XP level 2. HP: 19/19 MP: 5/5
   498 | D:1      | Slain by a kobold

Vault maps used:
D:1:      nagdon_arrival_double_spiral, hangedman_decor_diamond_cutter

Action                   || total
-------------------------++-------
Melee: Dagger            ||    44
       Bite              ||     2
 Cast: Corona            ||     1
 Stab: Sleeping          ||     2
Armor: Robe              ||     3
Dodge: Dodged            ||    25

Table legend:
 A = Spawn XP
 B = Non-spawn XP
 C = Spawn XP percentage of total XP
 D = Spawn monster count
 E = Non-spawn monster count
 F = Spawn count percentage of total count
 G = Total turns spent on level
                    A         B        C        D         E        F      G
               +---------+---------+-------+---------+---------+-------+---------
         Total |       0 |      15 |   0.0 |       0 |       8 |   0.0 |   498
               +---------+---------+-------+---------+---------+-------+---------
           D:1 |       0 |      15 |   0.0 |       0 |       8 |   0.0 |   498
               +---------+---------+-------+---------+---------+-------+---------
